 Dungeon Crawl Stone Soup version 0.28.0-43-g3370ac3207 (webtiles) character file.

Game seed: 16596066679520191227

11 choreboyy the Sneak (level 2, 0/21 HPs)
             Began as a Human Wanderer on Mar 11, 2022.
             Slain by a jackal (1 damage)
             ... on level 1 of the Dungeon.
             The game lasted 00:02:06 (242 turns).

choreboyy the Sneak (Human Wanderer)                 Turns: 242, Time: 00:02:07

Health: 0/21       AC:  2    Str:  8    XL:     2   Next: 40%
Magic:  2/2        EV: 10    Int:  9    God:
Gold:   31         SH:  4    Dex: 19    Spells: 1/1 levels left

rFire   . . .      SeeInvis .   a - +2 falchion
rCold   . . .      Faith    .   d - +0 buckler
rNeg    . . .      Spirit   .   e - +0 robe
rPois   .          Reflect  .   (no helmet)
rElec   .          Harm     .   (no cloak)
rCorr   .          Rampage  .   (no gloves)
Will    .....                   (no boots)
Stlth   +++.......              (no amulet)
HPRegen 0.07/turn               (no ring)
MPRegen 0.08/turn               (no ring)

@: no status effects
A: no striking features
a: no special abilities


You were on level 1 of the Dungeon.
You visited 1 branch of the dungeon, and saw 1 of its levels.

You collected 31 gold pieces.

Inventory:

Hand Weapons
 a - a +2 falchion (weapon)
 b - a +0 hunting sling
Missiles
 c - 15 sling bullets
Armour
 d - a +0 buckler (worn)
 e - a +0 robe (worn)
Scrolls
 f - a scroll of blinking {unknown}
 h - a scroll of enchant weapon {unknown}
Potions
 g - a potion of heal wounds {unknown}


   Skills:
 * Level 1.3 Fighting
 * Level 2.3 Long Blades
 - Level 1.0 Slings
 - Level 1.0 Armour
 + Level 3.3 Stealth
 - Level 1.0 Shields
 + Level 1.0 Invocations


You had one spell level left.
You didn't know any spells.
Your spell library was empty.

Dungeon Overview and Level Annotations

Branches:
Dungeon (1/15)

Altars:


Message History

You miss the jackal. The jackal bites you. x2
You closely miss the jackal. You closely miss the jackal.
You block the jackal's attack. The jackal bites you.
You barely miss the jackal. The jackal barely misses you.
The dart slug launches a dart at you. The slug dart misses you.
You closely miss the jackal. The jackal bites you. x2
The jackal closely misses you. The dart slug launches a dart at you.
You block the slug dart. The jackal barely misses you. The jackal bites you.
The jackal closely misses you. The jackal barely misses you.
You miss the jackal. The jackal bites you. The jackal closely misses you.
You barely miss the jackal. The jackal bites you.
You block the jackal's attack.
You barely miss the jackal. You block the jackal's attack.
The jackal closely misses you.
You hit the jackal.
The jackal is almost dead.
The jackal bites you.
* * * LOW HITPOINT WARNING * * *
You block the jackal's attack.
The dart slug briefly extends its eye-stalks.
The jackal bites you.
* * * LOW HITPOINT WARNING * * *
You hit the jackal.
You kill the jackal!
The jackal bites you.
* * * LOW HITPOINT WARNING * * *
You hit the jackal.
You kill the jackal!
The jackal barely misses you.
You hit the jackal.
The jackal is lightly wounded.
The jackal bites you but does no damage.
You miss the jackal.
The jackal is lightly wounded.
The jackal barely misses you. The jackal bites you.
You die...

#.#########.#
#...........# #.#
#.#########.# #.# #.# #.#
#.####.# #.# #......# #.#
#.###..# #.#
#.#≈#..########### ####
#.###..#.@h.w....# ....
#......#.##..###.## ..
#.###...[.........#
#........#........###
#....#..............+
######
#....#.#........#.###
.....#+#....#.###.##.#.#.#
.###........#.#...h..#.#.#
.# #.......#...##.####.#.#


You could see a dart slug and a jackal.

Vanquished Creatures
  2 bats (D:1)
  An endoplasm (D:1)
  3 jackals (D:1)
  A quokka (D:1)
  A ball python (D:1)
  A goblin (D:1)
  2 rats (D:1)
11 creatures vanquished.

Notes
Turn   | Place    | Note
-------+----------+-------------------------------------------
     0 | D:1      | choreboyy the Human Wanderer began the quest for the Orb.
     0 | D:1      | choreboyy set off with the following items: a +2 falchion,
                  | a +0 hunting sling, 15 sling bullets, a +0 buckler, a +0
                  | robe
     0 | D:1      | Reached XP level 1. HP: 15/15 MP: 1/1
    70 | D:1      | Reached XP level 2. HP: 20/21 MP: 2/2
   239 | D:1      | HP: 1/21 [jackal (3)]
   242 | D:1      | Slain by a jackal

Illustrated notes

Levels and vault maps discovered:
D:1:      dpeg_arrival_simpleton_c, layout_basic, serial_glass, glass_columns_b,
          glass_columns_b, feat_on_display, feat_on_display,
          due_unseen_surprise, minmay_strange_pillars,
          chequers_serial_rivers_small_3, chequers_avenue, skrybe_limestone_x,
          minmay_domino_4

Action                   || total
-------------------------++-------
Melee: Falchion          ||    28
 Stab: Sleeping          ||     3
Armor: Robe              ||     1
Dodge: Dodged            ||    17
Block: Buckler           ||     8
